 Dungeon Crawl Stone Soup version 0.29-a0-322-g68df515428 (webtiles) character file.

Game seed: 8018596723657051241

10 croobank the Skirmisher (level 2, -2/27 HPs)
             Began as a Hill Orc Fighter on Apr 9, 2022.
             Slain by a goblin
             ... wielding a +1 dagger of venom
              (3 damage)
             ... on level 1 of the Dungeon.
             The game lasted 00:00:59 (218 turns).

croobank the Skirmisher (Hill Orc Fighter)           Turns: 218, Time: 00:00:59

Health: -2/27      AC:  6    Str: 18    XL:     2   Next: 20%
Magic:  2/2        EV:  9    Int:  8    God:
Gold:   20         SH:  4    Dex: 10    Spells: 1/1 levels left

rFire   . . .      SeeInvis .   a - +0 war axe
rCold   . . .      Faith    .   c - +0 buckler
rNeg    . . .      Spirit   .   b - +0 scale mail
rPois   .          Reflect  .   (no helmet)
rElec   .          Harm     .   (no cloak)
rCorr   .          Rampage  .   (no gloves)
Will    .....                   (no boots)
Stlth   ..........              (no amulet)
HPRegen 0.09/turn               (no ring)
MPRegen 0.08/turn               (no ring)

@: mighty, lethally poisoned (-2 -> -13)
A: no striking features
a: no special abilities


You were on level 1 of the Dungeon.
You visited 1 branch of the dungeon, and saw 1 of its levels.

You collected 20 gold pieces.

Inventory:

Hand Weapons
 a - a +0 war axe (weapon)
Missiles
 e - 25 stones (quivered)
Armour
 b - a +0 scale mail (worn)
 c - a +0 buckler (worn)
Scrolls
 f - a scroll of vulnerability {unknown}
Potions
 g - a potion of attraction {unknown}
 h - a potion of curing {unknown}


   Skills:
 + Level 3.8 Fighting
 + Level 3.0 Axes
 + Level 3.4 Armour
 + Level 3.5 Shields


You had one spell level left.
You didn't know any spells.
Your spell library was empty.

Dungeon Overview and Level Annotations

Branches:
Dungeon (1/15)

Altars:


Message History

You see here a frilled lizard corpse.
You see here a +0 ring mail.
You see here a +0 ring mail.
A quokka and a goblin come into view.
The goblin is wielding a +1 dagger of venom.
Found a stone staircase leading down.
The goblin shouts!
Throw: 27 stones
Press: ? - help, Q - select action Shift-Dir - straight line, f - quokka
Aim: a quokka (43% to hit)
You throw a stone. The stone misses the quokka.
Throw: 26 stones
Press: ? - help, Q - select action Shift-Dir - straight line, f/p - quokka
Aim: a quokka (43% to hit)
You throw a stone. The stone hits the quokka.
The quokka is moderately wounded.
Found a stone staircase leading down.
The quokka bites you. The goblin hits you but does no damage.
You are poisoned.
You slash the quokka!
You kill the quokka!
You barely miss the goblin.
You feel very sick.
The goblin hits you with a +1 dagger of venom.
You are lethally poisoned!
You barely miss the goblin.
You feel very sick. The goblin hits you but does no damage.
You are more poisoned.
Okay, then.
You feel very mighty all of a sudden.
You feel very sick.
The goblin hits you with a +1 dagger of venom.
* * * LOW HITPOINT WARNING * * *
You closely miss the goblin.
* * * LOW HITPOINT WARNING * * *
You feel very sick. You block the goblin's attack.
The goblin hits you with a +1 dagger of venom.
You die...

... ... #.#######
#......(# ..... ..
###...(>..# .....
.##.###.........#
....###.##.#...#.......#
...##..#....##.@g.....#
##...#.####.....#..#####
##.#.#.#....##..##.#
##.#.....##[##..# >#
#........##†)...# #
...#†.......[##.#
####......##.##.# ##
#......##....#
.###.........#..#


You could see a goblin.

Vanquished Creatures
  4 bats (D:1)
  2 endoplasms (D:1)
  A goblin (D:1)
  A quokka (D:1)
  2 frilled lizards (D:1)
10 creatures vanquished.

Notes
Turn   | Place    | Note
-------+----------+-------------------------------------------
     0 | D:1      | croobank the Hill Orc Fighter began the quest for the Orb.
     0 | D:1      | Reached XP level 1. HP: 19/19 MP: 1/1
   187 | D:1      | Reached XP level 2. HP: 27/27 MP: 2/2
   218 | D:1      | HP: 1/27 [poisoned by a goblin]
   218 | D:1      | Slain by a goblin

Illustrated notes

Levels and vault maps discovered:
D:1:      wander_arrival_chamber, layout_rooms,
          shapermc_ecumenical_altar_mp_highgroup, minmay_tetromino_o4

Skill      XL: |  1 |
---------------+----+-----
Axes           | 3 |  3.0
Fighting       | |  3.8
Armour         | |  3.4
Shields        | |  3.5

Action                   || total
-------------------------++-------
Melee: War axe           ||    21
Throw: Stone             ||     2
  Use: Potion            ||     1
Armor: Scale mail        ||    11
Dodge: Dodged            ||    11
Block: Buckler           ||     6

Table legend: (Time is in decaauts)
 A = Elapsed time spent in this place.
 B = Non-inter-level travel time spent in this place.
 C = Inter-level travel time spent in this place.
 D = Time resting spent in this place.
 E = Time spent auto-exploring this place.
 F = Levels seen in this place.
 G = Mean time per level.
                   A        B        C        D        E       F      G
               +--------+--------+--------+--------+--------+-----+--------+
         Total |    225 |    225 |      0 |      0 |    132 |   1 |  225.0 |
       Dungeon |    225 |    225 |      0 |      0 |    132 |   1 |  225.0 |
               +--------+--------+--------+--------+--------+-----+--------+

Top non-repeatable levels by time:
     D:1: 225 daAuts
